 Dungeon Crawl Stone Soup version 0.24.0-37-gcf1ca852f1 (webtiles) character file.

Game seed: 7447845485577206450, levelgen mode: deterministic

228 Delamore the Cleaver (level 6, -4/51 HPs)
             Began as a Hill Orc Fighter on Nov 23, 2019.
             Killed by nerve-wracking pain
             ... invoked by Grinder
              (11 damage)
             ... on level 4 of the Dungeon.
             The game lasted 00:02:44 (2825 turns).

Delamore the Cleaver (Hill Orc Fighter)             Turns: 2825, Time: 00:02:45

Health: -4/51      AC:  6    Str: 21    XL:     6   Next: 2%
Magic:  6/6        EV:  7    Int:  8    God:
Gold:   219        SH:  9    Dex: 10    Spells: 5/5 levels left

rFire    . . .     SeeInvis .   a - +0 war axe
rCold    . . .     Gourm    .   c - +0 shield
rNeg     . . .     Faith    .   b - +0 scale mail
rPois    .         Spirit   .   (no helmet)
rElec    .         Reflect  .   (no cloak)
rCorr    .         Harm     .   (no gloves)
MR       .....     Rnd*Tele +   (no boots)
Stlth    ..........             (no amulet)
HPRegen  0.17/turn              n - ring of teleportation (curse)
MPRegen  0.10/turn              (no ring)

@: lethally poisoned (-4 -> -5)
A: no striking features
a: no special abilities


You were on level 4 of the Dungeon.
You were not hungry.

You visited 1 branch of the dungeon, and saw 4 of its levels.

You collected 219 gold pieces.

Inventory:

Hand Weapons
 a - a +0 war axe (weapon)
Armour
 b - a +0 scale mail (worn)
 c - a +0 shield (worn)
Jewellery
 n - a cursed ring of teleportation (left hand)
 q - an uncursed amulet of magic regeneration {unknown}
 r - an uncursed ring of protection from cold
Scrolls
 g - 2 scrolls of remove curse {unknown}
 h - 5 scrolls of teleportation {unknown}
 i - a scroll of enchant armour {unknown}
 k - a scroll of identify {unknown}
 l - a scroll of blinking {unknown}
 m - a scroll of random uselessness {unknown}
 p - a scroll of magic mapping {unknown}
 t - a scroll of fear {unknown}
Potions
 d - a potion of might
 e - 4 potions of heal wounds {unknown}
 j - a potion of ambrosia {unknown}
 o - a potion of curing {unknown}
 s - a potion of lignification {unknown}
 v - a potion of mutation {unknown}
Comestibles
 f - 7 rations
 u - a chunk of flesh


   Skills:
 - Level 3.6 Fighting
 + Level 8.0 Axes
 - Level 3.2 Armour
 - Level 3.2 Shields


You had 5 spell levels left.
You didn't know any spells.
Your spell library was empty.

Dungeon Overview and Level Annotations

Branches:
Dungeon (4/15)
 Temple: D:4-7

Altars:
Fedhas
Nemelex Xobeh
Xom

Annotations:
D:4 Grinder, Natasha


Message History

You feel sick.
Grinder says, "You look like you could use a good racking."
You block Grinder's attack. Natasha barely misses you.
The adder bites you but does no damage.
The crimson imp disappears in a puff of smoke!
Grinder says, "DUCK!"
You block the adder's attack. Grinder hits you.
You writhe in agony.
The adder bites you.
You are more poisoned.
The adder poisons you!
You feel sick. The adder bites you but does no damage.
You feel yourself speed up. Grinder hits you!
* * * LOW HITPOINT WARNING * * *
You writhe in agony.
* * * LOW HITPOINT WARNING * * *
You feel sick. Grinder gestures at you. Pain shoots through your body!
You die...

............# #.#
#.#########.# #.# #.#
#.# #.# #.# #.# #.# #.#
#.# ####.###.#
#.......<# #.##@###.#
##.##.###.# #.
##⌠.⌠#5##..# ####.####
#.._.hS##.##
........###.⌠.⌠..##.###
#......^..............#
#.......####...#.##.#.#
..>.....####...#.##.#.#
#..............#.##.#.#


You could see Grinder, Natasha and an adder.

Vanquished Creatures
  2 orc wizards (D:3)
  A hound (D:3)
  5 adders
  2 worms (D:3)
  A dart slug (D:1)
  3 leopard geckos
  8 orcs
  2 ball pythons
  9 bats
  5 giant cockroaches
  6 hobgoblins
  9 jackals
  3 kobolds (D:3)
  2 quokkas
  3 frilled lizards
  8 goblins
  8 rats
77 creatures vanquished.

Notes
Turn   | Place    | Note
-------+----------+-------------------------------------------
     0 | D:1      | Delamore the Hill Orc Fighter began the quest for the Orb.
     0 | D:1      | Reached XP level 1. HP: 19/19 MP: 1/1
    31 | D:1      | Reached skill level 3 in Axes
   134 | D:1      | Reached XP level 2. HP: 26/26 MP: 2/2
   225 | D:1      | Reached skill level 4 in Axes
   542 | D:1      | Reached XP level 3. HP: 31/31 MP: 3/3
  1003 | D:2      | Reached skill level 5 in Axes
  1058 | D:2      | Reached XP level 4. HP: 39/39 MP: 4/4
  1320 | D:2      | Found a blossoming altar of Fedhas.
  1575 | D:3      | Reached skill level 6 in Axes
  1774 | D:3      | Reached XP level 5. HP: 45/45 MP: 5/5
  1782 | D:3      | Reached skill level 7 in Axes
  2068 | D:3      | Found a shimmering altar of Xom.
  2746 | D:4      | Reached skill level 8 in Axes
  2746 | D:4      | Reached XP level 6. HP: 46/51 MP: 6/6
  2776 | D:4      | Found a sparkling altar of Nemelex Xobeh.
  2788 | D:4      | Noticed Grinder
  2805 | D:4      | Noticed Natasha
  2825 | D:4      | Killed from afar by Grinder

Levels and vault maps discovered:
D:1:      elethiomel_arrival_shortcut, layout_basic
D:2:      layout_loops_ring, lemuel_coloured_pillars_altar
D:3:      layout_basic, lemuel_crystal_altar, first_ration
D:4:      layout_loops_ring, nemelex_xobeh_ov_fountains_minmay,
          grunt_temple_overflow_open, goddamned_bats, uniq_natasha,
          uniq_grinder, uniq_sigmund

Skill      XL: |  1  2  3  4  5 |
---------------+----------------+-----
Axes           | 3 4 5 6 8 |  8.0
Fighting       | |  3.6
Armour         | |  3.2
Shields        | |  3.2

Action                   |  1- 3 |  4- 6 || total
-------------------------+-------+-------++-------
Melee: War axe           |   104 |   125 ||   229
  Eat: Chunk             |     1 |     5 ||     6
Armor: Scale mail        |    59 |    49 ||   108
Dodge: Dodged            |    36 |    41 ||    77
Block: Shield            |    49 |    54 ||   103
